 Dungeon Crawl Stone Soup version 0.23.1-42-g8abd8fc (webtiles) character file.

Game seed: 9049290633037152862

1130 Borgoz the Covered (level 8, -1/48 HPs)
             Began as a Gargoyle Gladiator on Mar 30, 2019.
             Was an Initiate of Ashenzari.
             Slain by a two-headed ogre
             ... wielding a cursed -1 giant club
              (22 damage)
             ... on level 6 of the Dungeon.
             The game lasted 00:10:16 (5143 turns).

Borgoz the Covered (Gargoyle Gladiator)             Turns: 5143, Time: 00:10:16

Health: -1/48      AC: 11    Str: 17    XL:     8   Next: 36%
Magic:  9/9        EV: 19    Int: 13    God:    Ashenzari [......]
Gold:   398        SH:  0    Dex: 13    Spells: 7/7 levels left

rFire    . . .     SeeInvis .   a - +0 rapier
rCold    . . .     Gourm    .   (no shield)
rNeg     + . .     Faith    .   q - +2 robe of Awe {-Cast +Blink Int+3}
rPois    ∞         Spirit   .   c - +0 helmet
rElec    +         Reflect  .   n - scarf {cloud immunity}
rCorr    .         Harm     .   (no gloves)
MR       .....     Rnd*Tele +   (no boots) Stlth ++........NoCast +
                                (no amulet)
HPRegen  0.16/turn              o - ring of teleportation (curse)
MPRegen  0.11/turn              t - +5 ring of evasion

@: no status effects
A: negative energy resistance 1, electricity resistance, unbreathing,
petrification resistance, rot immunity, AC +5
a: Curse Item, Renounce Religion, Evoke Blink


You were on level 6 of the Dungeon.
You worshipped Ashenzari.
Ashenzari was noncommittal.
You were not hungry.

You visited 2 branches of the dungeon, and saw 7 of its levels.

You collected 398 gold pieces.

Inventory:

Hand Weapons
 a - a +0 rapier (weapon)
 B - a +4 dagger
Armour
 c - a +0 helmet (worn)
 e - a +0 ring mail
 n - a scarf of cloud immunity (worn)
 q - the +2 robe of Awe (worn) {-Cast +Blink Int+3}
   (You found it on level 4 of the Dungeon)

   It affects your intelligence (+3).
   It lets you blink.
   It prevents spellcasting.
Jewellery
 o - a cursed ring of teleportation (left hand)
 r - a +2 ring of strength
 t - a +5 ring of evasion (right hand)
 w - a +4 ring of protection
Wands
 u - a wand of random effects (17)
 x - a wand of iceblast (4)
Scrolls
 l - a scroll of enchant armour
 p - 4 scrolls of teleportation
 y - a scroll of fear
Potions
 g - a potion of invisibility
 h - 2 potions of curing
 i - 2 potions of cancellation
 j - 2 potions of brilliance
 k - a potion of lignification
 m - a potion of magic
 A - a potion of flight
Comestibles
 f - 7 rations
 z - 7 chunks of flesh


   Skills:
 + Level 4.0 Fighting
 * Level 4.9 Short Blades
 - Level 1.7 Throwing
 * Level 5.0 Armour
 * Level 4.5 Dodging
 + Level 3.7 Stealth
 + Level 1.9 Evocations


You had 7 spell levels left.
You didn't know any spells.
Your spell library was empty.

Dungeon Overview and Level Annotations

Branches:
Dungeon (6/15)             Temple (1/1) D:5

Altars:
Ashenzari
Cheibriados
Dithmenos
Elyvilon
Fedhas
Gozag
Hepliaklqana
Kikubaaqudgha
Makhleb
Nemelex Xobeh
Okawaru
Qazlal
Ru
Sif Muna
Trog
Uskayaw
Vehumet
Wu Jian
Xom
Yredelemnul
Zin
The Shining One


Innate Abilities, Weirdness & Mutations

You are resistant to torment.
Your stone body is resilient. (AC +5)
You are immune to poison.
You resist negative energy. (rN+)
You are resistant to electric shocks. (rElec)
You can survive without breathing.
You are immune to petrification.
You are immune to rotting.


Message History

Okay, then.
You feel much better.
The two-headed ogre completely misses you.
The two-headed ogre hits you with a +0 giant club.
The crimson imp throws a stone.
The stone closely misses you.
You hit the two-headed ogre.
The two-headed ogre is severely wounded.
The two-headed ogre closely misses you.
The two-headed ogre hits you with a +0 giant club.
The crimson imp throws a stone.
The stone hits you but does no damage.
You hit the two-headed ogre.
The two-headed ogre is almost dead.
You hit the two-headed ogre but do no damage.
The two-headed ogre is almost dead.
The two-headed ogre barely misses you. The two-headed ogre misses you.
The jelly misses you.
The crimson imp throws a stone.
The stone hits you but does no damage.
The two-headed ogre hits you with a cursed -1 giant club!!
The two-headed ogre hits you with a +0 giant club!!
You die...

##### #....
#....#########
##
............#
.#
............###
.# #5..........
.# #..J......#
.# #..(......#.
.# #..O@.......
.# #....?......
##
.#...........
.+
.+>.(...(....
.#
.#######+#...
#........ ...
#.......# .
#.......#
#.......+


You could see a two-headed ogre, a jelly and a crimson imp.

Vanquished Creatures
  An ice beast (D:5)
  An orc warrior (D:4)
  2 ogres
  A howler monkey (D:4)
  2 crimson imps (D:5)
  A bullfrog zombie (D:6)
  4 orc priests
  A hound (D:4)
  A jelly (D:6)
  5 orc wizards
  An iguana (D:5)
  3 worker ants
  A killer bee zombie (D:5)
  3 gnolls (D:6)
  5 adders
  A shadow imp (D:5)
  An ooze (D:4)
  3 worms
  4 dart slugs
  2 leopard geckos
  13 orcs
  5 giant cockroaches
  5 goblins
  7 hobgoblins
  8 jackals
  7 kobolds
  5 quokkas
  3 ball pythons
  7 bats
  4 frilled lizards
  A quokka skeleton (D:4)
  3 rats
111 creatures vanquished.

Notes
Turn   | Place    | Note
-------+----------+-------------------------------------------
     0 | D:1      | Borgoz the Gargoyle Gladiator began the quest for the Orb.
     0 | D:1      | Reached XP level 1. HP: 12/12 MP: 1/1
   114 | D:1      | Reached XP level 2. HP: 12/17 MP: 2/2
   239 | D:1      | Reached skill level 1 in Armour
   701 | D:2      | Reached XP level 3. HP: 22/22 MP: 3/3
  1059 | D:2      | Reached skill level 1 in Stealth
  1239 | D:2      | Found a bloodstained altar of Trog.
  1239 | D:2      | Found an ornate altar of the Wu Jian Council.
  1281 | D:2      | Found a hide-covered altar of Uskayaw.
  1311 | D:2      | Reached XP level 4. HP: 27/27 MP: 4/4
  1855 | D:3      | Reached skill level 2 in Armour
  1964 | D:3      | Reached XP level 5. HP: 14/31 MP: 5/5
  2486 | D:4      | Got a tattered robe
  2607 | D:4      | Reached skill level 3 in Armour
  2607 | D:4      | Reached XP level 6. HP: 27/37 MP: 6/6
  2813 | D:4      | Identified the +2 robe of Awe {-Cast +Blink Int+3} (You
                  | found it on level 4 of the Dungeon)
  3280 | D:5      | Entered Level 5 of the Dungeon
  3326 | D:5      | Reached XP level 7. HP: 31/41 MP: 7/7
  3502 | D:5      | Reached skill level 4 in Armour
  3502 | D:5      | Reached skill level 1 in Evocations
  4044 | D:5      | Reached XP level 8. HP: 48/48 MP: 9/9
  4256 | D:5      | Found a staircase to the Ecumenical Temple.
  4273 | Temple   | Entered the Ecumenical Temple
  4300 | Temple   | Became a worshipper of Ashenzari the Shackled
  4950 | D:6      | Found a glowing silver altar of Zin.
  4953 | D:6      | Noticed an angel
  4981 | D:6      | Reached skill level 5 in Armour
  5126 | D:6      | Noticed a two-headed ogre
  5143 | D:6      | Slain by a two-headed ogre

Skill      XL: |  1  2  3  4  5  6  7  8 |
---------------+-------------------------+-----
Armour         | 1 2 3 4 5 |  5.0
Short Blades   | 3 4 |  4.9
Stealth        | 1 2 3 |  3.7
Dodging        | 3 4 |  4.5
Fighting       | 3 4 |  4.0
Evocations     | 1 |  1.9
Throwing       | |  1.7

Action                   |  1- 3 |  4- 6 |  7- 9 || total
-------------------------+-------+-------+-------++-------
Melee: Rapier            |   165 |   177 |   255 ||   597
Throw: Throwing net      |       |       |     6 ||     6
Evoke: Wand              |       |       |     3 ||     3
  Use: Potion            |       |     4 |     2 ||     6
       Scroll            |       |       |    11 ||    11
 Stab: Sleeping          |       |     1 |     2 ||     3
       Held in net/web   |       |       |     2 ||     2
  Eat: Chunk             |     2 |     6 |     6 ||    14
Armor: Leather armour    |     3 |       |       ||     3
       Ring mail         |   100 |    65 |       ||   165
       Robe              |       |    10 |    51 ||    61
Dodge: Dodged            |   125 |   125 |   223 ||   473
